AoeStats
← ElMasterLoncho

Fortress

508150181Analyzed
2v2 RM · 13d ago on Sep 21, 2026· 57m 21s· 4 players
Game mode
Random Map
Map size
Normal (6 player)
Population
200
Speed
Normal
Resources
Standard
Victory
Conquest
Starting age
Dark Age
Ending age
Imperial Age
RankedLock teamsTeams togetherTeam positionsShared explorationLock speedFull tech treeHidden civsTurbo modeCheats
Victory
Defeat
1116
+15
🇲🇽 Malay · Mexico
1094
+16
🇲🇽 Maya · Mexico
1183
-18
🇲🇽 Chinese · Mexico
1022
-13
luenlome25
6:47 Feudal Age
6:26 Double-Bit Axe
6:22 Horse Collar
13:24 Castle Age
12:29 Gold Mining
13:06 Forging
14:04 Bow Saw
17:19 Loom
18:10 Wheelbarrow
18:22 Stone Mining
19:08 Gold Shaft Mining
19:11 Iron Casting
27:01 Imperial Age
26:51 Conscription
28:03 Elite Karambit Warrior
30:13 Forced Levy
33:05 Blast Furnace
31:55 Fletching
32:47 Man-at-Arms
33:28 Squires
33:13 Arson
33:56 Heavy Plow
33:40 Long Swordsman
35:12 Bodkin Arrow
35:34 Masonry
35:52 Ballistics
35:14 Two-Handed Swordsman
38:34 Hand Cart
38:06 Town Watch
39:04 Crop Rotation
40:07 Murder Holes
39:55 Treadmill Crane
52:54 Stone Shaft Mining
猪队友怕不怕
0:53 Loom
7:38 Feudal Age
9:05 Double-Bit Axe
9:43 Horse Collar
12:36 Castle Age
14:03 Wheelbarrow
15:47 Bow Saw
15:39 Heavy Plow
16:21 Stone Mining
24:13 Scale Mail Armor
24:10 Gold Mining
30:43 Imperial Age
30:07 Fletching
30:33 Chain Mail Armor
31:03 Bodkin Arrow
31:18 Forging
32:10 Hand Cart
34:33 Two-Man Saw
34:41 Gold Shaft Mining
34:49 Iron Casting
36:33 Blast Furnace
35:34 Bracer
38:15 Stone Shaft Mining
37:10 Elite Ghulam
39:28 Grand Trunk Road
42:16 Hoardings
ElMasterLoncho
0:28 Loom
8:44 Feudal Age
9:28 Double-Bit Axe
13:41 Castle Age
13:31 Fletching
13:40 Horse Collar
15:30 Wheelbarrow
15:48 Gold Mining
17:38 Gold Shaft Mining
17:24 Bow Saw
19:50 Bodkin Arrow
20:13 Heavy Plow
20:53 Padded Archer Armor
26:11 Imperial Age
23:38 Stone Mining
24:32 Hand Cart
24:37 Town Watch
25:21 Squires
26:58 Bracer
27:15 Leather Archer Armor
26:49 Elite Fire Lancer
28:16 Thumb Ring
27:31 Crossbowman
29:19 Chemistry
28:42 Ballistics
29:14 Gold Shaft Mining
29:42 Two-Man Saw
30:14 Ring Archer Armor
30:49 Arbalester
33:23 Conscription
34:32 Chemistry
34:31 Scale Mail Armor
36:16 Chain Mail Armor
40:34 Stone Shaft Mining
43:26 Rocketry
45:52 Scale Barding Armor
45:58 Forging
47:05 Bloodlines
46:56 Husbandry
46:16 Light Cavalry
48:42 Iron Casting
48:28 Chain Barding Armor
47:38 Elite Skirmisher
49:26 Town Patrol
52:17 Blast Furnace
51:53 Plate Barding Armor
[GDL] REVOLVER CANNABIS
8:29 Feudal Age
9:24 Loom
12:41 Castle Age
11:19 Scale Mail Armor
11:19 Double-Bit Axe
11:50 Horse Collar
12:05 Gold Mining
12:40 Forging
14:41 Eagle Warrior
15:56 Arson
17:59 Squires
19:47 Chain Mail Armor
22:38 Bow Saw
27:52 Iron Casting
31:07 Imperial Age
32:13 Conscription
31:37 Elite Eagle Warrior
Connection lost

Rejoining the realm…

Still unreachable

The connection could not be restored.

Session expired

The server has moved on; the page needs a fresh start.